Map: Blueshift LE

Players

Classic

  • Race: Protoss Protoss
  • Spawn Location: 7:00

Rogue - Winner!

  • Race: Zerg Zerg
  • Spawn Location: 1:00

Event: 2018 WCS Global Finals

VOD

Have the link to the VOD?

Description

Time

  • Played on: Oct. 27, 2018, 4:40 p.m.
  • Length: 11:02

All games in this series

Show
View Real Time Build Order
Export as new Build Order

Classic Protoss 

Build Orders: 1 Gate Expand, Colossus Rush 

Get SALT Encoding   

  12  0:00  Probe  
  13  0:12  Probe  
  14  0:19  Pylon  
  14  0:24  Probe  
  14  0:28  Assimilator  
  15  0:33  Probe  
  15  0:41  Probe  
  16  0:44  Gateway  
  17  0:52  Probe  
  18  1:04  Probe  
  19  1:16  Probe  
  20  1:23  Nexus  
  20  1:32  Cybernetics Core  
  20  1:34  Probe  
  20  1:39  Assimilator  
  21  1:46  Probe  
  22  1:49  Pylon  
  22  1:58  Probe  
  22  1:59  Adept  
  23  2:10  Probe  
  26  2:16  Robotics Facility  
  26  2:20  Warp Gate  
  26  2:27  Stalker  
  26  2:28  Probe  
  28  2:31  Probe  
  28  2:36  Probe  
  30  2:39  Probe  
  32  2:45  Probe  
  33  2:52  Probe  
  33  2:57  Probe  
  35  3:04  Probe  
  36  3:09  Robotics Bay, Probe  
  37  3:15  Gateway  
  37  3:16  Probe  
  38  3:21  Probe  
  38  3:24  Warp Prism  
  41  3:29  Probe  
  41  3:33  Probe  
  43  3:34  Pylon  
  43  3:41  Probe  
  44  3:45  Probe  
  43  3:51  Shield Battery  
  43  3:52  Adept  
  45  3:57  Disruptor  
  45  4:02  Probe x2  
  46  4:08  Gravitic Drive  
  46  4:12  Probe  
  46  4:13  Probe  
  46  4:16  Pylon  
  48  4:20  Probe  
  48  4:21  Probe  
  48  4:22  Disruptor  
  48  4:25  Assimilator  
  48  4:26  Assimilator  
  48  4:30  Probe  
  48  4:31  Probe  
  50  4:34  Pylon  
  50  4:36  Adept  
  57  4:42  Probe  
  57  4:44  Colossus  
  59  4:49  Pylon  
  64  5:04  Gateway  
  64  5:05  Gateway  
  64  5:08  Pylon  
  64  5:16  Extended Thermal Lance  
  64  5:25  Colossus  
  64  5:37  Gateway  
  64  5:38  Gateway  
  70  5:47  Gateway  
  70  5:50  Gateway  
  70  5:51  Pylon  
  70  5:54  Sentry x2  
  74  6:05  Zealot, Sentry  
  78  6:13  Pylon  
  78  6:14  Pylon  
  78  6:16  Probe  
  78  6:17  Probe  
  80  6:24  Sentry  
  80  6:25  Zealot, Sentry  
  86  6:29  Pylon, Zealot  
  88  6:38  Adept  
  90  6:45  Sentry  
  90  6:46  Zealot, Sentry  
  96  6:52  Stalker x2  
  100  6:54  Zealot  
  100  6:55  Stalker  
  102  7:12  Stalker x3  
  104  7:18  Zealot x4  
  104  7:19  Colossus  
  89  7:28  Zealot x5  
  82  7:39  Stalker x2, Zealot  
  68  8:01  Sentry  
  68  8:04  Immortal  
  70  8:07  Zealot x5, Sentry x2  
  70  8:11  Shield Battery  
  88  8:22  Pylon  
  88  8:37  Stalker x4  
  88  8:38  Zealot x4  
  104  8:41  Pylon  
  99  8:58  Disruptor  
  99  9:01  Sentry x2  
  103  9:02  Zealot x3  
  103  9:03  Zealot x3  
  115  9:16  Pylon  
  115  9:23  Sentry x3, Pylon  
  121  9:27  Warp Prism  
  121  9:31  Zealot x2  
  121  9:34  Pylon  
  121  9:36  Zealot, Sentry  
  131  9:40  Zealot  
  133  9:54  Stalker x2  
  133  9:55  Sentry  
  137  10:21  Stalker x5  
  136  10:23  Zealot  
  136  10:24  Sentry  
Show
View Real Time Build Order
Export as new Build Order

Rogue Zerg - Winner!

Build Orders: Hatch First, Roach Hydra 

Get SALT Encoding   

  12  0:00  Drone  
  13  0:08  Drone  
  14  0:16  Overlord  
  14  0:22  Extractor  
  14  0:23  Drone  
  15  0:44  Hatchery  
  15  0:48  Drone  
  15  0:51  Drone  
  15  0:55  Drone  
  17  0:58  Drone  
  18  1:09  Extractor  
  17  1:14  Spawning Pool  
  17  1:17  Drone  
  17  1:20  Drone  
  18  1:30  Drone  
  19  1:41  Drone  
  20  1:47  Hatchery  
  20  1:52  Drone  
  20  2:00  Queen  
  22  2:04  Drone  
  22  2:07  Drone  
  24  2:13  Metabolic Boost  
  24  2:16  Drone  
  24  2:20  Drone  
  26  2:24  Overlord  
  26  2:27  Zergling x2  
  27  2:30  Zergling x2  
  28  2:42  Zergling x2, Queen  
  31  2:44  Drone  
  31  2:46  Drone  
  31  2:51  Queen  
  33  2:57  Drone  
  36  3:04  Queen  
  36  3:05  Overlord  
  38  3:08  Zergling x4  
  38  3:11  Zergling x2  
  41  3:14  Drone  
  41  3:19  Overlord  
  42  3:24  Drone x3  
  45  3:29  Queen  
  45  3:30  Drone  
  48  3:35  Drone x2  
  48  3:41  Overlord  
  49  3:44  Drone x2  
  50  3:51  Drone  
  50  3:52  Drone x2  
  53  4:00  Zergling x2, Roach Warren  
  53  4:01  Zergling x6  
  54  4:03  Zergling x4  
  54  4:05  Spore Crawler  
  54  4:07  Spore Crawler  
  53  4:14  Drone x4  
  53  4:16  Drone  
  58  4:18  Lair  
  58  4:22  Extractor x2  
  58  4:23  Drone  
  58  4:27  Drone x5  
  63  4:31  Drone x2  
  63  4:32  Drone  
  63  4:34  Overlord  
  65  4:41  Overlord  
  65  4:48  Extractor  
  65  4:49  Extractor  
  65  4:50  Overlord  
  65  4:52  Drone, Spore Crawler  
  63  4:54  Drone  
  63  4:55  Zergling x8  
  63  4:56  Spore Crawler  
  67  5:05  Drone, Zergling x2  
  67  5:06  Zergling x2  
  70  5:07  Drone x3  
  70  5:08  Drone x3  
  76  5:14  Overlord  
  76  5:20  Drone x2  
  78  5:21  Hydralisk Den  
  73  5:28  Overlord  
  73  5:30  Drone x4  
  73  5:34  Overseer  
  77  5:36  Overlord x2  
  77  5:49  Overlord  
  77  5:50  Grooved Spines, Hydralisk x4  
  77  5:52  Hydralisk  
  77  5:55  Hydralisk  
  89  6:04  Hydralisk  
  89  6:05  Hydralisk  
  89  6:08  Hydralisk  
  101  6:17  Roach x3  
  107  6:19  Overlord  
  107  6:23  Roach x2  
  107  6:25  Glial Reconstitution  
  103  6:31  Hydralisk x2  
  109  6:38  Overlord  
  109  6:39  Hydralisk x5  
  111  6:41  Zergling x4  
  111  6:43  Zergling x2  
  111  6:46  Zergling x2  
  125  6:48  Zergling x2  
  125  6:54  Ravager, Roach x2  
  118  6:55  Ravager x2  
  121  7:02  Roach  
  121  7:04  Hydralisk x2  
  121  7:08  Hydralisk  
  119  7:10  Zergling x10  
  119  7:12  Zergling x4  
  119  7:13  Roach x2  
  125  7:17  Roach  
  109  7:23  Roach  
  109  7:27  Roach  
  91  7:32  Hydralisk x2  
  91  7:35  Hydralisk  
  91  7:36  Zergling x16  
  91  7:37  Zergling x2  
  101  7:42  Hydralisk  
  96  7:54  Roach x3  
  96  7:55  Roach  
  95  7:59  Zergling x2  
  95  8:05  Drone x5  
  101  8:14  Overseer  
  101  8:18  Drone x3  
  104  8:21  Evolution Chamber, Muscular Augments  
  103  8:30  Drone x3  
  106  8:35  Hydralisk x5  
  106  8:36  Overlord  
  106  8:37  Drone  
  117  8:44  Drone  
  117  8:45  Drone x3  
  117  8:47  Zerg Missile Weapons Level 1  
  120  8:58  Roach x4  
  120  9:01  Ravager  
  120  9:02  Ravager  
  130  9:04  Roach x2  
  134  9:12  Roach x4  
  134  9:15  Overlord  
  142  9:22  Roach x2  
  145  9:26  Overlord x2  
  145  9:35  Ravager x2  
  145  9:36  Ravager  
  145  9:37  Roach x2  
  145  9:38  Zergling x2  
  153  9:42  Overlord  
  153  9:43  Overlord x2  
  153  9:49  Roach x5  
  163  9:54  Roach x2  
  163  9:56  Roach  
  168  10:07  Roach  
  168  10:08  Roach x6  
  179  10:15  Roach x2  
  179  10:16  Roach  
  179  10:19  Roach x2  
  183  10:21  Ravager  
  183  10:25  Zergling x8  
  183  10:26  Zergling x2  
  187  10:31  Roach  
  182  10:37  Roach x5  
  182  10:39  Roach  
  182  10:41  Roach  
Tags
 
Add a new tag
Caveats
  • Supply blocks, unpowered buildings, or Contaminate may cause inaccurate times.
  • Supply counts are checked every 10 seconds.